Selects Canadian Shock Battlegroup
Selects Canadian Shock Battlegroup
Construct Section Command Post
Selects Incendiary Munitions
Construct Platoon Command Post
Selects Offensive Resupply
Selects Canadian Shock Section
Unlock M3 Stuart Light Tanks
Construct Company Command Post
Selects Churchill Crocodile Heavy Tank
Churchill Crocodile Heavy Tank
Construct Field Infirmary
Churchill Crocodile Heavy Tank
Unlock Bishop Self-propelled Artillery
Bishop Self-propelled Artillery
Bishop Self-propelled Artillery